Map: King Sejong Station LE

Players

Utena - Winner!

  • Race: Protoss Protoss
  • League: Gold

Nickos

  • Race: Terran Terran
  • League: Gold

VOD

Have the link to the VOD?

Description

Time

  • Played on: Sept. 26, 2016, 7:11 p.m.
  • Length: 4:05
Show
View Real Time Build Order
Export as new Build Order

Utena Protoss - Winner!

Build Orders: Oracle Opening 

Get SALT Encoding   

  12  0:10  Pylon  
  12  0:13  Probe (Chrono Boost)  
  13  0:28  Gateway  
  13  0:32  Probe (Chrono Boost)  
  14  0:38  Assimilator  
  14  0:42  Probe (Chrono Boost)  
  15  0:48  Assimilator  
  15  0:53  Probe (Chrono Boost)  
  16  1:06  Probe (Chrono Boost)  
  17  1:16  Cybernetics Core  
  17  1:18  Pylon  
  17  1:23  Zealot  
  20  1:33  Probe (Chrono Boost)  
  20  1:45  Probe (Chrono Boost)  
  21  1:52  Stargate  
  21  2:01  Probe (Chrono Boost)  
  22  2:14  Forge  
  22  2:19  Mothership Core (Chrono Boost)  
  24  2:30  Oracle  
  27  2:51  Pylon  
  27  3:01  Void Ray  
  31  3:14  Photon Cannon  
  31  3:18  Pylon  
Show
View Real Time Build Order
Export as new Build Order

Nickos Terran 

Build Orders: Reaper Expand 

Get SALT Encoding   

  12  0:01  SCV  
  13  0:13  SCV  
  14  0:18  Supply Depot  
  14  0:25  SCV  
  15  0:39  SCV  
  15  0:41  Barracks  
  16  0:46  Refinery  
  16  0:51  SCV  
  17  1:03  SCV  
  18  1:17  SCV  
  19  1:30  Orbital Command  
  19  1:32  Reaper  
  20  1:42  Command Center  
  20  2:03  SCV  
  20  2:18  Marine  
  20  2:19  Supply Depot  
  20  2:21  Barracks  
  21  2:27  SCV  
  22  2:39  SCV  
  23  2:54  SCV  
  23  2:55  Orbital Command  
  23  2:57  Barracks Reactor  
  24  3:04  Factory  
  24  3:06  SCV  
  24  3:09  Refinery  
  24  3:10  Barracks Tech Lab  
  25  3:19  SCV  
  26  3:26  Bunker  
  26  3:31  Marine  
  27  3:36  SCV x2  
  27  3:38  Marine x2  
Tags
 
Add a new tag
Caveats
  • Supply blocks, unpowered buildings, or Contaminate may cause inaccurate times.
  • Supply counts are checked every 10 seconds.